Map: 킹스 코브 - 래더

Players

INnoVation - Winner!

  • Race: Terran Terran
  • League: Grandmaster
  • Spawn Location: 5:00

Stats

  • Race: Protoss Protoss
  • League: Grandmaster
  • Spawn Location: 11:00

VOD

Have the link to the VOD?

Description

Time

  • Played on: Feb. 19, 2019, 7:20 a.m.
  • Length: 7:52
Show
View Real Time Build Order
Export as new Build Order

INnoVation Terran - Winner!

Build Orders: Reaper Expand 

Get SALT Encoding   

  12  0:00  SCV  
  13  0:13  SCV  
  14  0:17  Supply Depot  
  14  0:25  SCV  
  15  0:39  SCV  
  15  0:40  Barracks  
  16  0:44  Refinery  
  16  0:51  SCV  
  17  1:03  SCV  
  18  1:15  SCV  
  19  1:27  Reaper, Orbital Command  
  20  1:45  Command Center  
  20  1:52  SCV  
  21  1:57  Supply Depot  
  21  2:00  Barracks Reactor  
  21  2:05  SCV  
  22  2:08  Refinery  
  22  2:17  SCV  
  22  2:22  Factory  
  23  2:29  SCV  
  24  2:36  Marine  
  24  2:37  Marine  
  25  2:41  SCV  
  27  2:53  SCV  
  27  2:55  Marine  
  27  2:56  Marine  
  27  2:57  Orbital Command  
  30  3:05  SCV, Factory Tech Lab  
  31  3:06  Starport  
  31  3:13  Marine x2  
  31  3:17  SCV  
  34  3:25  SCV  
  34  3:26  Barracks  
  35  3:29  SCV  
  35  3:31  Marine, Factory Tech Lab  
  35  3:33  Marine  
  37  3:37  SCV  
  38  3:41  SCV  
  38  3:47  Raven  
  41  3:49  Supply Depot  
  41  3:50  SCV  
  41  3:53  SCV  
  41  3:55  Barracks  
  43  3:57  Marine  
  45  4:04  SCV  
  45  4:06  SCV  
  45  4:09  Refinery, Bunker  
  46  4:11  Supply Depot  
  46  4:17  Engineering Bay, Marine x2  
  46  4:21  Stimpack  
  46  4:23  SCV  
  49  4:25  SCV  
  49  4:28  Marauder  
  52  4:36  Marine x2  
  52  4:37  SCV x2  
  56  4:40  Supply Depot  
  56  4:45  Terran Infantry Weapons Level 1, Starport Reactor  
  56  4:46  Factory Reactor  
  56  4:51  SCV x2  
  58  4:56  Marauder  
  58  4:57  Marauder  
  58  4:58  Combat Shield  
  62  5:02  Supply Depot  
  62  5:04  Marine  
  62  5:05  Marine  
  64  5:08  SCV x2  
  64  5:12  Refinery  
  66  5:18  Marauder x2  
  70  5:24  SCV x2, Supply Depot  
  70  5:25  Supply Depot  
  72  5:30  Medivac  
  72  5:31  Medivac  
  72  5:34  Marine x2  
  78  5:45  SCV x2  
  78  5:46  Marauder, Widow Mine x2  
  78  5:47  Marauder  
  88  5:50  Supply Depot  
  88  5:51  Supply Depot  
  88  5:59  Marine x2  
  88  6:02  Medivac  
  90  6:04  Medivac  
  90  6:07  Marauder  
  94  6:12  Marauder, Widow Mine x2  
  94  6:13  Supply Depot  
  94  6:17  Concussive Shells  
  99  6:20  Supply Depot  
  99  6:28  SCV x2  
  99  6:29  Marine x2  
  103  6:34  Marauder x2  
  107  6:44  Widow Mine x2  
  100  6:56  Marauder x2, Marine x2  
  103  7:04  Medivac  
  103  7:05  Medivac  
  103  7:12  Command Center  
  101  7:15  SCV  
  101  7:16  SCV  
  101  7:22  Barracks  
  99  7:23  Barracks  
  99  7:25  Marine  
  99  7:26  Marauder x2  
  100  7:33  SCV  
  100  7:34  SCV  
Show
View Real Time Build Order
Export as new Build Order

Stats Protoss 

Build Orders: 1 Gate Expand, Phoenix Opening, Blink Stalkers, Colossus Rush 

Get SALT Encoding   

  12  0:00  Probe  
  13  0:12  Probe  
  14  0:18  Pylon  
  14  0:24  Probe  
  15  0:32  Probe  
  15  0:37  Gateway  
  15  0:40  Probe  
  16  0:46  Assimilator  
  17  0:51  Probe  
  18  1:03  Probe  
  19  1:15  Probe  
  20  1:23  Nexus  
  20  1:34  Cybernetics Core  
  20  1:37  Probe  
  21  1:42  Assimilator  
  21  1:50  Probe  
  22  1:54  Pylon  
  22  2:02  Probe  
  22  2:03  Adept  
  23  2:12  Warp Gate  
  23  2:14  Probe  
  26  2:26  Probe, Sentry  
  27  2:36  Probe  
  29  2:43  Probe, Twilight Council  
  31  2:45  Probe  
  31  2:49  Stalker  
  32  2:54  Probe  
  32  2:56  Probe  
  36  2:59  Phoenix  
  36  3:06  Probe  
  36  3:08  Probe  
  38  3:13  Blink  
  38  3:14  Gateway  
  38  3:15  Gateway  
  38  3:18  Probe  
  39  3:20  Probe  
  40  3:30  Probe  
  40  3:32  Probe  
  42  3:34  Robotics Facility  
  42  3:39  Pylon  
  42  3:42  Probe  
  42  3:44  Probe  
  44  3:55  Probe  
  45  3:56  Probe  
  45  4:00  Assimilator  
  45  4:02  Pylon  
  46  4:03  Assimilator  
  46  4:07  Probe  
  46  4:08  Probe  
  48  4:17  Observer  
  48  4:19  Probe  
  48  4:20  Probe  
  48  4:21  Robotics Bay  
  51  4:25  Forge  
  51  4:28  Warp Prism  
  51  4:30  Shield Battery  
  51  4:33  Probe x2  
  51  4:36  Stalker x2  
  57  4:39  Stalker  
  57  4:43  Pylon  
  57  4:45  Phoenix  
  61  4:54  Pylon  
  61  4:57  Colossus  
  61  5:00  Protoss Ground Weapons Level 1  
  61  5:04  Nexus  
  67  5:18  Extended Thermal Lance  
  67  5:27  Probe x2, Zealot x2  
  73  5:31  Pylon  
  73  5:36  Colossus  
  73  5:46  Templar Archives  
  79  6:04  Probe  
  79  6:06  Shield Battery  
  79  6:10  Zealot x2  
  85  6:13  Zealot  
  86  6:19  Pylon  
  86  6:29  Colossus  
  86  6:32  High Templar  
  94  6:35  Zealot x2  
  92  6:51  Probe x3  
  89  7:00  Stalker x2  
  85  7:05  Stalker  
  73  7:24  Stalker x2  
  73  7:26  Probe x2  
  73  7:27  Probe  
  73  7:33  Pylon  
  73  7:35  Stalker  
  74  7:42  Gateway  
  65  7:44  Gateway  
Tags
 
Add a new tag
Caveats
  • Supply blocks, unpowered buildings, or Contaminate may cause inaccurate times.
  • Supply counts are checked every 10 seconds.